 Dungeon Crawl Stone Soup version 0.30-a0-870-gc5d4c5acee (webtiles) character file.

Game seed: 7352242169943674955

91879 MrGoldstein the Peltast (level 15, -16/138 HPs)
             Began as a Minotaur Fighter on Mar 11, 2023.
             Was the Champion of Trog.
             Blown up by an orb spider (44 damage)
             ... with an orb of destruction
             ... on level 1 of the Depths.
             The game lasted 01:04:19 (22749 turns).

MrGoldstein the Peltast (Minotaur Fighter)         Turns: 22749, Time: 01:04:20

Health: -16/138    AC: 24    Str: 29    XL:     15   Next: 56%
Magic:  14/14      EV: 23    Int:  5    God:    Trog [******]
Gold:   908        SH: 15    Dex: 26    Spells: 14/14 levels left

rFire   . . .      SeeInvis .    U - +9 whip of the Teaching Visionary {distort, Dex+5}
rCold   . . .      Faith    .    c - +0 buckler
rNeg    . . .      Spirit   .    q - +6 ring mail "Dir Xawn" {rPois Dex+3}
rPois   +          Reflect  +    Z - +2 hat
rElec   .          Rampage  .    T - scarf {shadows}
rCorr   .                        t - +2 pair of gloves {Str+3}
Will    +....                    K - +0 pair of boots
Stlth   +++                      N - amulet of reflection
HPRegen 0.43/turn                i - +6 ring of dexterity
MPRegen 0.14/turn                m - +4 ring of protection

@: mighty
A: horns 2, retaliatory headbutt
a: Renounce Religion, Berserk, Trog's Hand, Brothers in Arms


You were on level 1 of the Depths.
You worshipped Trog.
Trog was exalted by your worship.
You visited 4 branches of the dungeon, and saw 22 of its levels.

You collected 1732 gold pieces.
You spent 824 gold pieces at shops.

Inventory:

Hand Weapons
 H - a +7 mace
 U - the +9 whip of the Teaching Visionary (weapon) {distort, Dex+5}
   (You bought it in a shop on level 3 of the Dungeon)

   Dex:       It affects your dexterity (+5).
Armour
 c - a +0 buckler (worn)
 q - the +6 ring mail "Dir Xawn" (worn) {rPois Dex+3}
   (You found it on level 2 of the Dungeon)

   Dex:       It affects your dexterity (+3).
   rPois:     It protects you from poison.
 t - a +2 pair of gloves of strength (worn)
 K - a +0 pair of boots (worn)
 T - a scarf of shadows (worn)
 Z - a +2 hat (worn)
Jewellery
 e - a ring of flight
 f - a +6 ring of intelligence
 i - a +6 ring of dexterity (left hand)
 m - a +4 ring of protection (right hand)
 N - an amulet of reflection (around neck)
Wands
 h - a wand of mindburst (10)
 D - a wand of roots (4)
 J - a wand of charming (5)
 M - a wand of light (21)
Scrolls
 b - a scroll of poison {unknown}
 k - 12 scrolls of teleportation
 p - 3 scrolls of magic mapping
 u - 4 scrolls of fog
 w - a scroll of acquirement {unknown}
 x - 5 scrolls of blinking
 G - 2 scrolls of silence
Potions
 d - 4 potions of might
 j - a potion of haste {unknown}
 l - 6 potions of curing
 o - 3 potions of flight
 r - 4 potions of ambrosia
 z - 2 potions of brilliance
 B - 2 potions of cancellation {unknown}
 L - 3 potions of magic
 Q - 2 potions of resistance {unknown}
 W - 2 potions of attraction


   Skills:
 + Level 14.2 Fighting
 + Level 3.6(10.8) Axes
 + Level 15.6(15.8) Maces & Flails
 + Level 12.0 Armour
 + Level 13.5 Dodging
 + Level 6.5 Stealth
 + Level 17.2 Shields


You had 14 spell levels left.
You didn't know any spells.
Your spell library was empty.

Dungeon Overview and Level Annotations

Branches:
Dungeon (15/15)            Temple (1/1) D:7            Lair (5/5) D:11
  Swamp (0/4) Lair:3       Spider (0/4) Lair:2        Slime (0/5) Lair:4
    Orc (0/2) D:10         Vaults (0/5) D:13         Depths (1/4) D:15

Altars:
Ashenzari
Cheibriados
Dithmenos
Fedhas
Kikubaaqudgha
Makhleb
Nemelex Xobeh
Okawaru
Qazlal
Ru
Sif Muna
Trog
Uskayaw
Vehumet
Wu Jian
Xom
Zin
The Shining One
Jiyva

Shops:
D:1 [   D:2 ?   D:3 [(*   D:4 *   D:5 (   D:7 (!   D:8 (   D:10 :

Annotations:
D:10 2 transporters, flt's ghost, journeyman DgTm
D:13 3 runed translucent doors, Ruduteto's ghost, journeyman FoFi
Lair:5 exclusion: oklob plant


Innate Abilities, Weirdness & Mutations

You have a pair of horns on your head.
You reflexively headbutt those who attack you in melee.


Message History

The white ugly thing is heavily wounded.
The white ugly thing basks in the mutagenic energy from its kin and changes!
The white ugly thing closely misses you.
You whack the white ugly thing!
Space warps horribly around the white ugly thing!!
You kill the white ugly thing!
Trog accepts your kill.
You whack the purple ugly thing!
Space warps around the purple ugly thing.
The purple ugly thing is moderately wounded.
You whack the purple ugly thing!
The purple ugly thing is devoured by a tear in reality.
The purple ugly thing basks in the mutagenic energy from its kin and changes!
You whack the white ugly thing!
The white ugly thing is devoured by a tear in reality.
Things that are here:
a +0 great sword; a +0 plate armour You whack the white ugly thing!
Space warps horribly around the white ugly thing!
The white ugly thing is moderately wounded.
You block the white ugly thing's attack.
You thrash the white ugly thing!!
The white ugly thing is heavily wounded.
You whack the white ugly thing!
Your headbutt misses the white ugly thing.
The white ugly thing is severely wounded.
The white ugly thing blinks!
You whack the white ugly thing! You headbutt the white ugly thing.
You kill the white ugly thing!
Trog accepts your kill.
The orb spider spins a strand of pure energy.
Things that are here:
a +0 long sword; a +0 heavy arbalest; a +0 ring mail You hit the orb spider.
The orb spider is lightly wounded.
The orb spider weaves a glowing orb of energy.
An orb of destruction comes into view.
The orb spider pulsates with a strange energy.
The orb of destruction hits you!!!
You die...

# #....+..###....(..
###....#....(.#####.
##.........(####
#..(........(..#
#...#.).#.†.###.#
#..:..#)8.#(#!(.#
#.#.#...#)#)#(..#
.(...#...#)†..#
##.#(.....@...##
......###○####
s#.#.# #☼# (( .
#○...... .s....'.
..#...... =#! .#.#..
#... ..). . . #. .#
..


You could see an orb spider (charged).

Vanquished Creatures
  A vampire knight (Depths:1)
  A fire dragon (D:13)
  2 ghost crabs (Lair:3)
  4 centaur warriors
  2 hydras
  2 catoblepae (Lair:5)
  2 death knights
  4 boulder beetles
  16 death yaks
  A spriggan berserker (Depths:1)
  A tengu warrior (Depths:1)
  Sonja (Lair:4)
  Amaemon (Lair:1)
  A spectral hydra (Lair:3)
  2 wizards
  Pikel (D:7)
  A deep elf pyromancer (D:15)
  An orc knight (D:15)
  A necromancer (D:15)
  An orc sorcerer (D:15)
  15 ugly things
  4 cyclopes
  2 manticores (Lair:5)
  10 elephants
  A centaur zombie (D:15)
  A naga mage (D:15)
  4 black mambas
  An orange demon (Lair:1)
  A torpor snail (Lair:4)
  2 centaur skeletons (D:15)
  12 cane toads
  An unseen horror (D:11)
  Maggie (D:10)
  2 rime drakes
  11 komodo dragons
  A kobold demonologist (D:13)
  A komodo dragon (shapeshifter) (D:13)
  A freezing wraith (D:13)
  A queen bee (Lair:5)
  5 trolls
  2 meliai (Lair:5)
  A tarantella (shapeshifter) (D:15)
  A hornet (D:8)
  19 blink frogs
  4 dream sheep (Lair:3)
  A meliai zombie (D:15)
  9 slime creatures
  Sigmund (D:2)
  2 culicivoras (Lair:2)
  A centaur simulacrum (D:15)
  3 shadows
  3 wraiths (D:11)
  3 wyverns
  5 basilisks
  A redback (Depths:1)
  5 vampire mosquitoes
  Menkaure (D:4)
  44 yaks
  A spectral cane toad (Lair:3)
  An acid dragon (D:12)
  13 water moccasins
  2 ice beasts (D:6)
  A black bear (Lair:1)
  7 orc warriors
  2 sky beasts (D:7)
  A spectral torpor snail (Lair:3)
  3 ogres
  19 centaurs
  4 wolves (Lair:4)
  A phantom (D:5)
  A lemure (D:7)
  4 kobold brigands
  10 bullfrogs
  6 gnoll sergeants
  3 scorpions
  7 wights
  30 killer bees
  2 howler monkeys (D:10)
  4 hounds
  8 jellies
  2 gnoll boudas
  9 orc priests
  A sleepcap (D:7)
  An iguana (D:6)
  Crazy Yiuf (D:7)
  Terence (D:2)
  9 orc wizards
  Robin (D:3)
  34 gnolls
  11 adders
  A shadow imp (D:6)
  4 dart slugs
  2 worms
  53 orcs
  5 endoplasms
  4 giant cockroaches
  21 goblins
  13 hobgoblins
  3 jackals (D:3)
  29 kobolds
  4 quokkas
  5 ball pythons
  3 bats
  2 frilled lizards
  7 rats
585 creatures vanquished.

Vanquished Creatures (others)
  Nessos (D:15)
  18 fungi
  33 plants
  5 toadstools (D:7)
57 creatures vanquished.

Grand Total: 642 creatures vanquished

Notes
Turn   | Place    | Note
-------+----------+-------------------------------------------
     0 | D:1      | MrGoldstein the Minotaur Fighter began the quest for the
                  | Orb.
     0 | D:1      | Reached XP level 1. HP: 19/19 MP: 0/0
   161 | D:1      | Reached XP level 2. HP: 27/27 MP: 1/1
   161 | D:1      | Found Neri's Armour Shoppe.
   179 | D:1      | Found a faded altar of an unknown god.
   192 | D:1      | Prayed at the altar of an unknown god.
   192 | D:1      | Became a worshipper of Trog the Wrathful
   192 | D:1      | Reached * piety under Trog
   786 | D:2      | Reached skill level 4 in Shields
   810 | D:2      | Found Uvvuog's Magic Scroll Shoppe.
   848 | D:2      | Reached XP level 3. HP: 33/33 MP: 2/2
   867 | D:2      | Identified the +6 ring mail "Dir Xawn" {rPois Dex+3}
   932 | D:2      | Noticed Sigmund
   937 | D:2      | Killed Sigmund
   938 | D:2      | Reached skill level 5 in Armour
   938 | D:2      | Reached XP level 4. HP: 11/41 MP: 1/3
   938 | D:2      | Reached XP level 5. HP: 13/47 MP: 1/4
  1335 | D:2      | Noticed Terence
  1348 | D:2      | Killed Terence
  1348 | D:2      | Reached ** piety under Trog
  1349 | D:2      | Reached skill level 1 in Dodging
  1683 | D:3      | Found Femueth's Weapon Emporium.
  1704 | D:3      | Found Firraew's Assorted Antiques.
  1897 | D:3      | Noticed Robin
  1900 | D:3      | Reached XP level 6. HP: 43/53 MP: 5/5
  1907 | D:3      | Killed Robin
  2081 | D:3      | Found Heomaut's Antique Armour Shop.
  2295 | D:3      | Reached *** piety under Trog
  2700 | D:4      | Identified the +5 dagger of Kelog {flame, rPois}
  2712 | D:4      | Found a snail-covered altar of Cheibriados.
  2716 | D:4      | Found a burning altar of Makhleb.
  2725 | D:4      | Found an ancient bone altar of Kikubaaqudgha.
  2728 | D:4      | Found an iron altar of Okawaru.
  2741 | D:4      | Found a broken altar of Ashenzari.
  2834 | D:4      | Reached skill level 5 in Shields
  2912 | D:4      | Noticed Menkaure
  2918 | D:4      | Killed Menkaure
  2919 | D:4      | Reached XP level 7. HP: 46/60 MP: 4/6
  3037 | D:4      | Reached skill level 5 in Fighting
  3090 | D:4      | Found a glowing golden altar of the Shining One.
  3240 | D:4      | Found Fybogra's Assorted Antiques.
  3375 | D:5      | Entered Level 5 of the Dungeon
  3375 | D:5      | Found Dilon's Antique Weapon Shop.
  3381 | D:5      | Reached skill level 1 in Stealth
  3480 | D:5      | Found a shimmering blue altar of Sif Muna.
  3482 | D:5      | Found a blossoming altar of Fedhas.
  3482 | D:5      | Found a shadowy altar of Dithmenos.
  3482 | D:5      | Found a stormy altar of Qazlal.
  3497 | D:5      | Found a sacrificial altar of Ru.
  3497 | D:5      | Found a radiant altar of Vehumet.
  3790 | D:5      | Reached skill level 5 in Maces & Flails
  4229 | D:6      | Reached XP level 8. HP: 68/68 MP: 7/7
  4330 | D:6      | Reached skill level 6 in Shields
  4547 | D:6      | Reached **** piety under Trog
  4955 | D:7      | Found Feiss's Distillery.
  5033 | D:7      | Reached skill level 5 in Dodging
  5035 | D:7      | Reached XP level 9. HP: 41/75 MP: 1/8
  5037 | D:7      | Reached skill level 7 in Shields
  5357 | D:7      | Found Onnuanak's Antique Weapon Emporium.
  5435 | D:7      | Noticed Pikel
  5445 | D:7      | Killed Pikel
  5714 | D:7      | Reached ***** piety under Trog
  5888 | D:7      | Found a runed translucent door.
  5889 | D:7      | Noticed Crazy Yiuf
  6087 | D:7      | Found a staircase to the Ecumenical Temple.
  6102 | Temple   | Entered the Ecumenical Temple
  6312 | D:7      | Killed Crazy Yiuf
  6389 | D:8      | Found Vibem's Antique Weapon Emporium.
  6449 | D:8      | Reached XP level 10. HP: 81/84 MP: 7/9
  6960 | D:8      | Found a flagged portal.
  7605 | D:9      | Reached skill level 8 in Shields
  7758 | D:9      | Reached skill level 10 in Maces & Flails
  8202 | D:9      | Received a gift from Trog
  8950 | D:3      | Bought the +9 whip of the Teaching Visionary {distort,
                  | Dex+5} for 824 gold pieces
  9080 | D:10     | Entered Level 10 of the Dungeon
  9112 | D:10     | Found Xifej's Book Boutique.
  9114 | D:10     | Noticed Maggie
  9135 | D:10     | Killed Maggie
  9261 | D:10     | Found a staircase to the Orcish Mines.
  9537 | D:10     | Found a transporter.
  9548 | D:10     | Noticed a moth of wrath
  9549 | D:10     | Noticed flt's ghost (journeyman DgTm)
  9578 | D:10     | Found a transporter.
  9698 | D:10     | Reached XP level 11. HP: 95/95 MP: 10/10
  9939 | D:11     | Noticed a death knight
  9950 | D:11     | Noticed a death knight
  9968 | D:11     | Killed a death knight
  9969 | D:11     | Reached skill level 9 in Shields
  9969 | D:11     | Banished a death knight
 10963 | D:11     | Found a staircase to the Lair.
 11001 | D:12     | Noticed a white ugly thing
 11008 | D:12     | Killed a white ugly thing
 11026 | D:12     | Received a gift from Trog
 11068 | D:12     | Reached skill level 10 in Shields
 11097 | D:12     | Reached skill level 10 in Armour
 11190 | D:12     | Reached XP level 12. HP: 65/106 MP: 11/11
 12272 | D:13     | Reached skill level 10 in Fighting
 12338 | D:13     | Noticed a fire dragon
 12351 | D:13     | Killed a fire dragon
 12372 | D:13     | Found a gate to the Vaults.
 12471 | D:13     | Reached skill level 11 in Shields
 12672 | D:13     | Noticed a centaur warrior
 12675 | D:13     | Noticed a tengu warrior
 12676 | D:13     | Noticed a centaur warrior
 12678 | D:13     | Killed a centaur warrior
 12725 | D:13     | Noticed a boulder beetle
 12748 | D:13     | Killed a boulder beetle
 13019 | D:13     | Found a runed translucent gate.
 13019 | D:13     | Found a runed translucent gate.
 13029 | D:13     | Found a runed translucent gate.
 13032 | D:13     | Noticed Ruduteto's ghost (journeyman FoFi)
 13330 | D:14     | Noticed a centaur warrior
 13331 | D:14     | Noticed a boulder beetle
 13342 | D:14     | Killed a centaur warrior
 13347 | D:14     | Reached skill level 10 in Dodging
 13357 | D:14     | Banished a boulder beetle
 13494 | D:14     | Noticed a centaur warrior
 13507 | D:14     | Killed a centaur warrior
 13527 | D:14     | Reached skill level 12 in Shields
 13599 | D:14     | Reached XP level 13. HP: 116/116 MP: 12/12
 14124 | D:15     | Entered Level 15 of the Dungeon
 14689 | D:15     | Reached skill level 13 in Shields
 14912 | D:15     | Noticed Nessos
 14924 | D:15     | Received a gift from Trog
 14931 | D:15     | Killed Nessos
 15339 | D:15     | Found a staircase to the Depths.
 15365 | D:15     | Reached skill level 5 in Stealth
 15718 | Lair:1   | Entered Level 1 of the Lair of Beasts
 15782 | Lair:1   | Noticed Amaemon
 15793 | Lair:1   | Killed Amaemon
 15925 | Lair:1   | Reached skill level 14 in Shields
 16438 | Lair:2   | Found a hole to the Spider Nest.
 16513 | Lair:2   | Found an ornate altar of the Wu Jian Council.
 16513 | Lair:2   | Found a hide-covered altar of Uskayaw.
 16553 | Lair:2   | Reached XP level 14. HP: 78/127 MP: 13/13
 16876 | Lair:2   | Found the +3 Elemental Staff {rElec rF++ rC++ AC+5}
 17300 | Lair:2   | Received a gift from Trog
 18915 | Lair:3   | Reached skill level 15 in Shields
 19200 | Lair:3   | Reached skill level 15 in Maces & Flails
 19275 | Lair:3   | Found an ornate altar of the Wu Jian Council.
 19447 | Lair:3   | Found a staircase to the Swamp.
 19577 | Lair:4   | Found a viscous altar of Jiyva.
 19578 | Lair:4   | Found a staircase to the Slime Pits.
 19626 | Lair:4   | Noticed Sonja
 19644 | Lair:4   | Killed Sonja
 19715 | Lair:4   | Identified the +2 whip "Kene" {flame, Stlth+}
 20107 | Lair:4   | Reached ****** piety under Trog
 20366 | Lair:4   | You fall into a shaft and drop 1 floor!
 20366 | Lair:5   | Entered Level 5 of the Lair of Beasts
 20425 | Lair:5   | Found a dark tunnel.
 20679 | Lair:5   | Reached skill level 16 in Shields
 20715 | Lair:5   | Received a gift from Trog
 20723 | Lair:5   | Reached XP level 15. HP: 31/137 MP: 14/14
 22558 | Depths:1 | Entered Level 1 of the Depths
 22642 | Depths:1 | Reached skill level 17 in Shields
 22690 | Depths:1 | Paralysed by a vampire knight for 2 turns
 22694 | Depths:1 | Paralysed by a vampire knight for 5 turns
 22749 | Depths:1 | Blown up by an orb spider

Illustrated notes

Levels and vault maps discovered:
D:1:      elethiomel_arrival_quiet, layout_loops_ring,
          ebering_ecumenical_altar_mist, serial_shops, shop_statue,
          minmay_octomino_e4
D:2:      layout_basic, serial_shops, shop_statue, guppyfry_early_orc_mine,
          uniq_terence, uniq_sigmund
D:3:      layout_loops_corners, serial_shops, nicolae_shop_waterfront, shop,
          shop, minmay_unequal, uniq_robin
D:4:      layout_loops_ring, nicolae_tso_carved_into_rock,
          minmay_overflow_temple_star_hex, serial_shops, nicolae_lakefront_shop,
          uniq_menkaure
D:5:      layout_cave_pools, minmay_overflow_temple_hex, serial_shops,
          nicolae_stop_n_shop_2
D:6:      layout_basic
D:7:      layout_gridville, minmay_temple_entry_glassed_door, serial_shops,
          nicolae_shop_hallway_stairs, nicolae_stop_n_shop_1,
          minmay_gold_behind_fungi, uniq_crazy_yiuf_cottage, uniq_pikel
D:8:      layout_loops_ring, serial_shops, nicolae_shop_trees, enter_bailey_3
D:9:      kennysheep_housing_project, layout_rooms
D:10:     layout_roguey, david_orc_2, serial_shops, nicolae_take_the_stairs,
          gammafunk_ghost_berserking_beasts, chequers_serial_rivers_small_b,
          uniq_maggie
D:11:     cheibrodos_tormentor_scu, layout_basic
D:12:     layout_loops_ring
D:13:     layout_basic, david_vaults_4, gammafunk_ghost_nasty_kobolds
D:14:     layout_irregular_city, nicolae_elevator_lobby_asterisk
D:15:     grunt_enter_depths_magical_seal, layout_gridville,
          minmay_curled_crystal, st_stairs_14, uniq_nessos
Temple:   zaba_magenta_temple
Lair:1:   layout_layer_cave, uniq_amaemon
Lair:2:   layout_gridlike, hellmonk_spider_entry_life_and_decay,
          nzn_masters_of_martial_movement
Lair:3:   layout_roguey, nicolae_swamp_entry_spooky, basic_altar
Lair:4:   layout_cave_pods, minmay_slime_entry_pillars, uniq_sonja
Lair:5:   evilmike_catoblepas_cave, layout_concentric_octagons, special_room
          [special_room_bee], nicolae_volcano_entry_lava_flow, st_stairs_4,
          grunt_megastairs_5
Depths:1: layout_roguey, serial_shops, nicolae_shop_bloodbath_and_beyond,
          pf_vacation_house_of_asmodeus, chequers_serial_rivers_micro_c,
          hangedman_stitches_earthworm

Skill      XL: |  1  2  3  4  5  6  7  8  9 10 11 12 13 14 15 |
---------------+----------------------------------------------+-----
Armour         | 4 5 6 7 8 10 11 12 | 12.0
Shields        | 4 5 6 7 8 10 12 14 16 17 | 17.2
Fighting       | 4 5 6 8 9 11 12 13 14 | 14.2
Axes           | 3 |  3.6
Maces & Flails | 2 4 5 6 8 11 12 13 14 15 | 15.6
Dodging        | 1 2 3 5 7 8 9 10 11 12 13 | 13.5
Stealth        | 1 2 3 4 5 6 |  6.5

Action                     |  1- 3 |  4- 6 |  7- 9 | 10-12 | 13-15 || total
---------------------------+-------+-------+-------+-------+-------++-------
  Melee: War axe           |    15 |       |       |       |       ||    15
         Headbutt          |     5 |    15 |    44 |   133 |   282 ||   479
         Mace              |    24 |    82 |   209 |   170 |       ||   485
         Whip              |       |       |       |   403 |   954 ||  1357
 Invoke: Trog's Hand       |       |       |     1 |       |       ||     1
    Use: Scroll            |     1 |     4 |     2 |     4 |    12 ||    23
         Potion            |       |       |     2 |     3 |     5 ||    10
   Stab: Sleeping          |       |     1 |     2 |     2 |    16 ||    21
         Petrified         |       |       |       |       |     2 ||     2
 Armour: Scale mail        |    23 |       |       |       |       ||    23
         Ring mail         |     2 |    82 |   152 |   181 |   255 ||   672
  Dodge: Dodged            |    15 |    79 |   192 |   298 |   607 ||  1191
  Block: Buckler           |     9 |    44 |   118 |   236 |   604 ||  1011
         Reflection        |       |       |       |    17 |    12 ||    29

Table legend: (Time is in decaauts)
 A = Elapsed time spent in this place.
 B = Non-inter-level travel time spent in this place.
 C = Inter-level travel time spent in this place.
 D = Time resting spent in this place.
 E = Time spent auto-exploring this place.
 F = Levels seen in this place.
 G = Mean time per level.
                   A        B        C        D        E       F      G
               +--------+--------+--------+--------+--------+-----+--------+
         Total |  22338 |  21339 |    999 |   3846 |  11921 |  22 | 1015.4 |
       Dungeon |  15976 |  15102 |    874 |   2329 |   8739 |  15 | 1065.1 |
        Temple |     35 |     35 |      0 |      0 |      2 |   1 |   35.0 |
          Lair |   6161 |   6036 |    125 |   1517 |   3154 |   5 | 1232.2 |
        Depths |    165 |    165 |      0 |      0 |     26 |   1 |  165.0 |
               +--------+--------+--------+--------+--------+-----+--------+

Top non-repeatable levels by time:
  Lair:3: 1884 daAuts
  Lair:5: 1626 daAuts
    D:15: 1526 daAuts
     D:7: 1486 daAuts
    D:12: 1246 daAuts
    D:13: 1228 daAuts
     D:9: 1208 daAuts
  Lair:2: 1193 daAuts
    D:11: 1186 daAuts
     D:8: 1161 daAuts
     D:3: 1087 daAuts
     D:2: 921 daAuts
     D:5: 909 daAuts
     D:4: 853 daAuts
     D:6: 841 daAuts
